AoeStats
← ToniMontana_kz

Nomad

503248726Analyzed
3v3 RM · 1mo ago on Aug 30, 2026· 43m 47s· 6 players
Game mode
Random Map
Map size
210×210
Population
200
Speed
Normal
Resources
Standard
Victory
Conquest
Starting age
Dark Age
Ending age
Imperial Age
RankedLock teamsTeams togetherTeam positionsShared explorationLock speedFull tech treeHidden civsTurbo modeCheats
Victory
Defeat
🇪🇸 Turks · Spain
1140
+9
878
+20
🇪🇸 Magyars · Spain
863
+21
🇹🇷 Persians · Türkiye
993
-18
🇷🇺 Maya · Russia
960
-16
🇰🇿 Hindustanis · Kazakhstan
954
-16
Bueno, voume pa casa lo
5:38 Loom
13:30 Feudal Age
17:36 Double-Bit Axe
21:57 Castle Age
39:26 Crossbowman
42:54 Thumb Ring
GZ Albricias
4:40 Loom
14:54 Feudal Age
17:36 Wheelbarrow
16:49 Horse Collar
20:20 Gold Mining
23:07 Fletching
23:18 Padded Archer Armor
23:26 Scale Barding Armor
26:15 Castle Age
24:51 Bloodlines
27:01 Husbandry
28:26 Bodkin Arrow
29:21 Double-Bit Axe
29:40 Heavy Plow
30:11 Thumb Ring
37:35 Ballistics
38:01 Bow Saw
38:36 Hand Cart
40:43 Leather Archer Armor
45:01 Imperial Age
42:22 Town Watch
43:04 Town Watch
43:46 Chain Barding Armor
GZ SIMAO
9:27 Loom
12:07 Feudal Age
15:40 Double-Bit Axe
16:39 Horse Collar
18:03 Wheelbarrow
20:25 Castle Age
21:43 Medium Warships
23:26 Wheelbarrow
23:41 Scale Barding Armor
23:46 Forging
23:40 Husbandry
23:51 Bloodlines
24:24 Fletching
24:55 Town Watch
27:52 Hand Cart
28:42 Chain Barding Armor
28:57 Iron Casting
35:26 Gold Mining
35:27 Stone Mining
39:23 Imperial Age
37:49 Padded Archer Armor
37:45 Bodkin Arrow
38:27 Iron Casting
39:41 Elite Janissary
40:45 Leather Archer Armor
40:49 Cavalier
42:11 Plate Barding Armor
42:36 Blast Furnace
42:34 Town Patrol
44:20 Bow Saw
ay1turkey
5:19 Loom
13:15 Feudal Age
16:23 Double-Bit Axe
20:12 Castle Age
19:14 Fishing Lines
21:26 Bloodlines
22:04 Gillnets
23:40 Wheelbarrow
26:03 Medium Warships
26:15 Medium Warships
26:45 Bow Saw
30:07 Husbandry
30:36 Horse Collar
31:36 Heavy Plow
33:45 Pikeman
34:26 Squires
34:41 Forging
34:32 Scale Mail Armor
34:23 Fletching
38:08 Murder Holes
38:35 Ballistics
38:16 Bodkin Arrow
38:22 Padded Archer Armor
38:58 Iron Casting
38:39 Chain Mail Armor
38:30 Scale Barding Armor
DANGER DANGER Game Ranger
5:37 Loom
14:25 Feudal Age
16:04 Double-Bit Axe
22:17 Castle Age
20:47 Horse Collar
20:54 Fishing Lines
22:04 Fletching
22:24 Crossbowman
23:46 Padded Archer Armor
24:00 Squires
24:19 Pikeman
29:21 Gold Mining
32:50 Thumb Ring
33:28 Elite Skirmisher
34:16 Bodkin Arrow
35:10 Scale Mail Armor
41:04 Wheelbarrow
40:29 Town Watch
41:25 Leather Archer Armor
41:26 Chain Mail Armor
42:33 Hand Cart
ToniMontana_kz
4:53 Loom
13:13 Feudal Age
19:51 Castle Age
20:25 Man-at-Arms
27:49 Horse Collar
Connection lost

Rejoining the realm…

Still unreachable

The connection could not be restored.

Session expired

The server has moved on; the page needs a fresh start.